 Dungeon Crawl Stone Soup version 0.30.0-10-gfe55d96785 (webtiles) character file.

Game seed: 8351763953375882926

63 Heoruswealwe the Magician (level 3, -7/19 HPs)
             Began as a Deep Elf Earth Elementalist on May 15, 2023.
             Killed by divine providence
             ... invoked by an orc priest
              (14 damage)
             ... on level 3 of the Dungeon.
             The game lasted 00:23:31 (1654 turns).

Heoruswealwe the Magician (DEEE)                    Turns: 1654, Time: 00:23:32

Health: -7/19      AC:  3    Str:  5    XL:     3   Next: 87%
Magic:  6/11       EV: 12    Int: 21    God:
Gold:   209        SH:  0    Dex: 15    Spells: 5/11 levels left

rFire   + . .        (no weapon)
rCold   . . .        (no shield)
rNeg    . . .        c - +0 robe
rPois   .            (no helmet)
rElec   .            (no cloak)
rCorr   .            f - +0 pair of gloves
SInv    .            (no boots)
Will    .....        (no amulet)
Stlth   ++           k - ring of protection from fire
HPRegen 0.23/turn    (no ring)
MPRegen 0.12/turn

%: no passive effects
@: no status effects
A: no striking features
a: no special abilities


You were on level 3 of the Dungeon.
You visited 1 branch of the dungeon, and saw 3 of its levels.

You collected 209 gold pieces.

Inventory:

Armour
 c - a +0 robe (worn)
 f - a +0 pair of gloves (worn)
Jewellery
 k - a ring of protection from fire (left hand)
Scrolls
 a - 2 scrolls of teleportation
 d - a scroll of enchant weapon {unknown}
 e - a scroll of butterflies {unknown}
 l - 2 scrolls of immolation {unknown}
 o - a scroll of amnesia
 p - 3 scrolls of blinking
Potions
 b - a potion of magic
 g - a potion of lignification {unknown}
 h - a potion of invisibility {unknown}
 i - 3 potions of degeneration {unknown}
 m - a potion of curing {unknown}


   Skills:
 - Level 2.4 Dodging
 - Level 2.4 Stealth
 + Level 4.6 Spellcasting
 - Level 1.1 Transmutations
 + Level 4.4 Earth Magic


You had 5 spell levels left.
You knew the following spells:

 Your Spells              Type           Power      Damage    Failure   Level
a - Sandblast             Erth           46%        2d11      1%          1
b - Stone Arrow           Conj/Erth      28%        3d8       14%         3
z - Passwall              Tmut/Erth      13%        N/A       5%          2

Your spell library contained the following spells:

 Spells                   Type           Power      Damage    Failure   Level
 Beastly Appendage        Tmut           18%        N/A       7%          1
 Wereblood                Tmut           9%         N/A       11%         2
 Ensorcelled Hibernation  Hex/Ice        8%         N/A       17%         2
 Spider Form              Tmut/Pois      7%         N/A       26%         3
 Swiftness                Air            4%         N/A       34%         3
 Petrify                  Tmut/Erth      16%        N/A       34%         4


Dungeon Overview and Level Annotations

Branches:
Dungeon (3/15)

Altars:

Shops:
D:1 ((((*


Message History

An orc and an orc priest come into view.
An orc and an orc priest come into view.
The orc shouts! x2; You hear a shout!
The orc priest mumbles some strange prayers to Beogh against you.
Beogh smites you!
An orc comes into view. It is wielding a +0 club.
The orc priest shouts!
The blast of sand hits the orc!
You kill the orc!
The blast of sand hits the orc but does no damage.
The orc priest miscasts a cantrip.
The orc priest looks satisfied for a moment.
The orc hits you but does no damage.
The blast of sand hits the orc!
You kill the orc!
The blast of sand hits the orc priest.
The orc priest is lightly wounded.
The orc priest begins to cast a cantrip, but forgets the words!
The orc priest hits you with a +0 club.
You are too injured to fight recklessly!
Casting: Sandblast (safe; 1% risk of failure)
Confirm with . or Enter, or press ? or * to list all spells.
Aiming: Sandblast (safe; 1% risk of failure)
Press: ? - help, Shift-Dir - straight line, f/p - orc priest
Aim: an orc priest, wielding a +0 club and wearing a +0 leather armour (lightly wounded, 83% to hit)
The blast of sand hits the orc priest.
The orc priest is heavily wounded.
The orc priest closely misses you.
Casting: Sandblast (safe; 1% risk of failure)
Confirm with . or Enter, or press ? or * to list all spells.
Aiming: Sandblast (safe; 1% risk of failure)
Press: ? - help, Shift-Dir - straight line, f/p - orc priest
Aim: an orc priest, wielding a +0 club and wearing a +0 leather armour (heavily wounded, 83% to hit)
The blast of sand hits the orc priest.
The orc priest is almost dead.
The orc priest hits you with a +0 club.
The orc priest mumbles some strange prayers to Beogh against you.
Beogh smites you!
Ouch! That really hurt!
You die...

##.########.# #.#
#...........# #.#
##.########## #.#
#.........## #.#
#..#####...## #.# ####
.####..## #.###.## #.#
#... ........##.#
##.####.# #.## #######.##.
#...##.# #.# .##
##@#.##.########.# .#
#.###o##.#...........# .#
#...o## .#..###...####
..o....o.......##..#..####
o###.#.........##.###.....
# #..###.#####..#.)####
...# #.# ##...## .#..# #.
##.## ..... #.#


You could see 2 orc priests and an orc.

Vanquished Creatures
  An adder (D:3)
  A worm (D:2)
  2 dart slugs (D:1)
  2 orcs (D:3)
  3 ball pythons
  4 endoplasms
  4 goblins (D:1)
  5 hobgoblins
  2 jackals (D:1)
  3 quokkas
  3 bats
  2 frilled lizards
  4 kobolds
  7 rats
43 creatures vanquished.

Notes
Turn   | Place    | Note
-------+----------+-------------------------------------------
     0 | D:1      | Heoruswealwe the Deep Elf Earth Elementalist began the
                  | quest for the Orb.
     0 | D:1      | Reached XP level 1. HP: 10/10 MP: 6/6
    45 | D:1      | Reached XP level 2. HP: 8/15 MP: 0/8
    48 | D:1      | Learned a level 2 spell: Passwall
    67 | D:1      | Found Siocwyph's Weapon Shop.
    69 | D:1      | Found Yrelow's General Store.
   138 | D:1      | Found Bonaum's Antique Weapon Emporium.
   195 | D:1      | Found Utzelon's Weapon Shop.
   427 | D:1      | Found Veytuc's Weapon Shoppe.
   641 | D:2      | Reached XP level 3. HP: 19/19 MP: 7/10
   645 | D:2      | Learned a level 3 spell: Stone Arrow
  1114 | D:2      | Found a faded altar of an unknown god.
  1114 | D:2      | Noticed a ynoxinul
  1654 | D:3      | Killed from afar by an orc priest

Illustrated notes

Levels and vault maps discovered:
D:1:      amcnicky_arrival_single_pillar, layout_basic, serial_shops,
          nicolae_shop_crystal, shop, shop, shop,
          nicolae_shop_pleasant_corner_grove, serial_bayou_pond_d
D:2:      layout_basic, dreamdust_ecumenical_altar_sealed_demon,
          kennysheep_boxes
D:3:      layout_loops_ring, mainiacjoe_overflow_brackets

Skill      XL: |  1  2 |
---------------+-------+-----
Spellcasting   | 4 |  4.6
Earth Magic    | 4 |  4.4
Dodging        | |  2.4
Stealth        | |  2.4
Transmutations | |  1.1

Action                     || total
---------------------------++-------
  Melee: Unarmed           ||    16
   Cast: Sandblast         ||    64
         Passwall          ||     1
    Use: Scroll            ||     4
 Armour: Robe              ||     5
  Dodge: Dodged            ||    15
